 Dungeon Crawl Stone Soup version 0.29.1-15-g9cfb28693d (webtiles) character file.

Game seed: 5682560685109227204

222 Eitelfritz the Slasher (level 5, -4/45 HPs)
             Began as a Minotaur Gladiator on Mar 26, 2023.
             Killed from afar by Ijyb (15 damage)
             ... with a bolt of dispelling energy
             ... on level 3 of the Dungeon.
             The game lasted 00:03:54 (2378 turns).

Eitelfritz the Slasher (Minotaur Gladiator)         Turns: 2378, Time: 00:03:55

Health: -4/45      AC:  9    Str: 18    XL:     5   Next: 66%
Magic:  4/4        EV:  8    Int:  7    God:
Gold:   164        SH:  0    Dex: 12    Spells: 4/4 levels left

rFire   . . .      SeeInvis .   a - +0 long sword
rCold   . . .      Faith    .   (no shield)
rNeg    . . .      Spirit   .   w - +0 chain mail
rPois   .          Reflect  .   c - +0 hat
rElec   .          Harm     .   (no cloak)
rCorr   .          Rampage  .   (no gloves)
Will    .....                   m - +0 pair of boots
Stlth   ..........              (no amulet)
HPRegen 0.15/turn               (no ring)
MPRegen 0.09/turn               (no ring)

@: no status effects
A: horns 2, retaliatory headbutt
a: no special abilities


You were on level 3 of the Dungeon.
You visited 1 branch of the dungeon, and saw 3 of its levels.

You collected 164 gold pieces.

Inventory:

Hand Weapons
 a - a +0 long sword (weapon)
 b - a +0 flail
Missiles
 d - 3 throwing nets (quivered)
 e - 6 javelins
 r - 4 boomerangs
Armour
 c - a +0 hat (worn)
 g - a scarf of harm
 m - a +0 pair of boots (worn)
 w - a +0 chain mail (worn)
Wands
 v - a wand of iceblast (11)
Scrolls
 f - 2 scrolls of fear {unknown}
 j - 3 scrolls of amnesia {unknown}
 l - a scroll of vulnerability {unknown}
 n - 2 scrolls of identify {unknown}
 o - 4 scrolls of teleportation {unknown}
 p - a scroll of enchant armour {unknown}
 q - 3 scrolls of enchant weapon {unknown}
Potions
 h - 2 potions of curing
 i - 2 potions of brilliance {unknown}
 k - a potion of lignification {unknown}
 s - 2 potions of haste {unknown}
 t - a potion of mutation {unknown}
 u - a potion of ambrosia {unknown}


   Skills:
 + Level 3.4 Fighting
 + Level 5.9 Long Blades
 + Level 2.0 Throwing
 + Level 2.3 Armour
 + Level 4.2 Dodging
 + Level 0.6 Stealth


You had 4 spell levels left.
You didn't know any spells.
Your spell library was empty.

Dungeon Overview and Level Annotations

Branches:
Dungeon (3/15)

Altars:

Shops:
D:1 [

Annotations:
D:3 Ijyb


Innate Abilities, Weirdness & Mutations

You have a pair of horns on your head.
You reflexively headbutt those who attack you in melee.


Message History

The adder is heavily wounded.
You feel sick. The adder bites you but does no damage.
The adder completely misses you.
You hit the adder.
The adder is almost dead.
You feel sick. The adder bites you.
You barely miss the adder. Your headbutt misses the adder.
Your punch misses the adder.
The adder is almost dead.
You feel sick.
You are no longer poisoned.
The adder bites you but does no damage. x2
You slash the adder!
You kill the adder!
You hit the hobgoblin.
You kill the hobgoblin!
The rat bites you but does no damage.
You slash the rat!
You kill the rat!
You closely miss the rat. Your headbutt misses the rat.
The rat barely misses you.
Ijyb drinks a potion.
Ijyb seems to grow stronger.
You slash the rat!
You kill the rat!
You hit Ijyb.
Ijyb is lightly wounded.
Ijyb hits you with a +0 dagger!
You slash Ijyb! Your headbutt misses Ijyb.
Ijyb is heavily wounded.
Ijyb hits you but does no damage.
You hit Ijyb. You headbutt Ijyb.
Ijyb is heavily wounded.
Ijyb closely misses you.
You hit Ijyb. You headbutt Ijyb.
Ijyb is almost dead.
Ijyb zaps a wand.
The bolt of dispelling energy hits you!
* * * LOW HITPOINT WARNING * * *
You closely miss Ijyb.
Ijyb is almost dead.
Ijyb zaps a wand.
The bolt of dispelling energy hits you!
You die...

S. ..#>###.#
###.###........
!.............$ ##
#........# ##.##
#######...###.# ##.#.##
...............##.#.#.##
#######.#.###.##.#.#.#†#
#g#.# ##.#.###.#† #@# #
##.#.##.##.# #.#
##.#.##.#.##. #.#
##.#.##.#.#.## #.#
#.#.##.#.#.#.# #.##
#.##.#..##.#.
#..##.#.##.#..##.#
#...##.#.##.#††##.
##.#.##.#.##..#.## #####
##.#.##.#.##..#.#


You could see Ijyb (strong).

Vanquished Creatures
  A hound (D:3)
  An orc priest (D:3)
  Natasha (twice) (D:3)
  A gnoll (D:3)
  3 adders
  2 worms (D:2)
  A dart slug (D:2)
  3 orcs (D:3)
  7 ball pythons
  7 bats
  5 endoplasms
  2 giant cockroaches
  9 hobgoblins
  4 quokkas
  2 frilled lizards (D:2)
  7 goblins
  3 kobolds
  11 rats
71 creatures vanquished.

Notes
Turn   | Place    | Note
-------+----------+-------------------------------------------
     0 | D:1      | Eitelfritz the Minotaur Gladiator began the quest for the
                  | Orb.
     0 | D:1      | Reached XP level 1. HP: 18/18 MP: 0/0
     4 | D:1      | Noticed a death yak
   167 | D:1      | Reached XP level 2. HP: 17/25 MP: 1/1
   331 | D:1      | Reached skill level 4 in Long Blades
   477 | D:1      | Found a faded altar of an unknown god.
   560 | D:1      | Noticed a death yak
   774 | D:1      | Found Nequlec's Antique Armour Boutique.
  1004 | D:2      | Reached XP level 3. HP: 30/30 MP: 2/2
  1198 | D:2      | Reached skill level 1 in Armour
  1699 | D:3      | Noticed Natasha
  1710 | D:3      | Killed Natasha
  1711 | D:3      | Reached skill level 5 in Long Blades
  1711 | D:3      | Reached XP level 4. HP: 12/38 MP: 3/3
  1991 | D:3      | Noticed Natasha
  1998 | D:3      | Killed Natasha
  2176 | D:3      | Reached XP level 5. HP: 43/45 MP: 4/4
  2360 | D:3      | Noticed Ijyb
  2378 | D:3      | Killed from afar by Ijyb

Illustrated notes

Levels and vault maps discovered:
D:1:      sevenhm_arrival_forest_fort_small_2, layout_loops_ring, serial_shops,
          nicolae_shop_statue_plus, nicolae_ecumenical_lake_church,
          minmay_misc_feat_ornament, minmay_misc_feat_cross, minmay_box_of_dots
D:2:      layout_rooms, hex_intersection, kennysheep_cross_bottleneck,
          grunt_ministairs_9, minmay_quadrilaterals
D:3:      minmay_inner_zag, layout_loops_ring, grunt_ministairs_5, uniq_ijyb,
          uniq_natasha, uniq_crazy_yiuf_cottage

Skill      XL: |  1  2  3  4  5 |
---------------+----------------+-----
Long Blades    | 4 5 |  5.9
Armour         | 1 2 |  2.3
Dodging        | 4 |  4.2
Fighting       | 3 |  3.4
Throwing       | |  2.0
Stealth        | |  0.6

Action                   |  1- 3 |  4- 6 || total
-------------------------+-------+-------++-------
Melee: Long sword        |    92 |    63 ||   155
       Headbutt          |    18 |     5 ||    23
       Punch             |     1 |       ||     1
  Use: Potion            |     1 |       ||     1
 Stab: Sleeping          |     1 |       ||     1
Armor: Leather armour    |    34 |     2 ||    36
       Chain mail        |       |    38 ||    38
Dodge: Dodged            |    81 |    37 ||   118
